 Dungeon Crawl Stone Soup version 0.28.0 (webtiles) character file.

Game seed: 9232859579243656343

631 dolemite99 the Chopper (level 7, -2/51 (52) HPs)
             Began as a Demonspawn Fighter on Feb 17, 2022.
             Slain by Pikel (5 damage)
             ... on level 3 of the Dungeon.
             The game lasted 00:04:20 (6910 turns).

dolemite99 the Chopper (Demonspawn Fighter)         Turns: 6910, Time: 00:04:21

HP:   -2/51 (52)    AC:  8    Str: 19    XL:     7   Next: 24%
MP:   7/7           EV:  6    Int:  9    God:
Gold: 154           SH:  4    Dex: 12    Spells: 6/6 levels left

rFire   . . .      SeeInvis .   a - +3 spear
rCold   . . .      Faith    .   c - +0 buckler
rNeg    . . .      Spirit   .   m - +0 chain mail
rPois   .          Reflect  .   (no helmet)
rElec   .          Harm     .   (no cloak)
rCorr   .          Rampage  .   (no gloves)
Will    .....                   (no boots)
Stlth   ..........              (no amulet)
HPRegen 0.17/turn               (no ring)
MPRegen 0.10/turn               (no ring)

@: lightly drained
A: claws 1, powered by death 2, demonic magic 1
a: no special abilities


You were on level 3 of the Dungeon.
You visited 1 branch of the dungeon, and saw 4 of its levels.

You collected 154 gold pieces.

Inventory:

Hand Weapons
 a - a +3 spear (weapon)
 b - a +0 hunting sling
 r - a +1 flail
 s - a +0 war axe
Missiles
 g - 115 stones (quivered)
 q - 6 poisoned darts
Armour
 c - a +0 buckler (worn)
 l - a +3 leather armour of poison resistance
 m - a +0 chain mail (worn)
 o - a +0 scale mail
Wands
 j - a wand of polymorph (3)
Scrolls
 d - a scroll of acquirement {unknown}
 e - 2 scrolls of identify {unknown}
 f - a scroll of holy word {unknown}
 i - a scroll of summoning {unknown}
 k - 2 scrolls of fear {unknown}
 n - a scroll of teleportation
 p - a scroll of silence {unknown}
 t - a scroll of brand weapon {unknown}
Potions
 h - a potion of flight


   Skills:
 - Level 3.0 Fighting
 - Level 7.2(7.3) Axes
 + Level 1.1(4.7) Polearms
 - Level 2.6 Armour
 - Level 2.6 Shields


You had 6 spell levels left.
You didn't know any spells.
Your spell library contained the following spells:

 Spells                   Type           Power      Damage    Failure   Level
 Magic Dart               Conj           0%         1d3       100%        1
 Call Imp                 Summ           0%         N/A       100%        2
 Static Discharge         Conj/Air       0%         N/A       100%        2
 Mephitic Cloud           Conj/Pois/Air  0%         N/A       100%        3
 Lightning Bolt           Conj/Air       0%         1d11      100%        5
 Maxwell's Capacitive Co  Air            0%         ∞         100%        8


Dungeon Overview and Level Annotations

Branches:
Dungeon (4/15)
 Temple: D:4-7

Altars:

Annotations:
D:3 2 transporters, Pikel
D:4 Eustachio


Innate Abilities, Weirdness & Mutations

You have sharp fingernails.
You regenerate health from kills.
Spells you cast may paralyse adjacent enemies.


Message History

Pikel hits you with a +0 whip of flaming.
Pikel burns you.
You hit Pikel but do no damage.
Pikel is lightly wounded.
Pikel hits you but does no damage.
You barely miss Pikel.
Pikel is lightly wounded.
Pikel says, "Hell isn't that bad."
Pikel hits you with a +0 whip of flaming.
Pikel burns you.
You completely miss Pikel.
Pikel is lightly wounded.
Pikel hits you with a +0 whip of flaming.
Pikel burns you.
* * * LOW HITPOINT WARNING * * *
You puncture Pikel!
Pikel is moderately wounded.
Pikel barely misses you.
Okay, then.
You closely miss Pikel.
Pikel is moderately wounded.
Pikel hits you with a +0 whip of flaming.
* * * LOW HITPOINT WARNING * * *
Pikel burns you.
* * * LOW HITPOINT WARNING * * *
You hit Pikel.
Pikel is moderately wounded.
Pikel hits you with a +0 whip of flaming.
* * * LOW HITPOINT WARNING * * *
Pikel burns you.
* * * LOW HITPOINT WARNING * * *
You hit Pikel.
Pikel is moderately wounded.
You hit Pikel.
Pikel is heavily wounded.
Pikel hits you but does no damage.
You miss Pikel.
Pikel is heavily wounded.
Pikel hits you with a +0 whip of flaming.
You die...

#######......#.#############
#.....####............
##...........#........
#..#.####.#.#.####### ##.#.#
#.#.#.......#
#...####.#.#######.#
##..##..<#.# #.# #..######.#
#.# ##@K....#.# #.#
######.#.# #.# #.#.# #.#
#.#.##### #.. #.#.....# ###
#.#####.# #.# #.# #.#####.#
#.......#


You could see Pikel.

Vanquished Creatures
  Sigmund (D:2)
  A lemure (D:4)
  A scorpion (D:3)
  5 wights
  A centaur skeleton (D:4)
  Ijyb (D:3)
  3 gnolls (D:3)
  5 adders
  3 worms
  2 dart slugs
  An orc (D:3)
  A ball python (D:3)
  A bat (D:2)
  7 endoplasms
  5 giant cockroaches
  6 goblins
  6 hobgoblins
  4 jackals (D:1)
  2 quokkas
  5 frilled lizards
  8 kobolds
  2 rats
71 creatures vanquished.

Vanquished Creatures (others)
  6 plants (D:3)
6 creatures vanquished.

Grand Total: 77 creatures vanquished

Notes
Turn   | Place    | Note
-------+----------+-------------------------------------------
     0 | D:1      | dolemite99 the Demonspawn Fighter began the quest for the
                  | Orb.
     0 | D:1      | Reached XP level 1. HP: 18/18 MP: 1/1
    36 | D:1      | Reached skill level 2 in Axes
   155 | D:1      | Gained mutation: Spells you cast may paralyse adjacent
                  | enemies. [demonic ancestry]
   155 | D:1      | Reached XP level 2. HP: 24/24 MP: 2/2
   810 | D:1      | Reached skill level 3 in Axes
  1728 | D:2      | Gained mutation: You regenerate a little health from kills.
                  | [demonic ancestry]
  1728 | D:2      | Reached XP level 3. HP: 18/29 MP: 3/3
  2074 | D:2      | Noticed Sigmund
  2086 | D:2      | Killed Sigmund
  2087 | D:2      | Reached skill level 5 in Axes
  2087 | D:2      | Gained mutation: You have sharp fingernails. [demonic
                  | ancestry]
  2087 | D:2      | Reached XP level 4. HP: 3/35 MP: 4/4
  2087 | D:2      | Reached XP level 5. HP: 4/41 MP: 5/5
  3052 | D:3      | Noticed Ijyb
  3106 | D:3      | Killed Ijyb
  3107 | D:3      | Reached XP level 6. HP: 47/47 MP: 6/6
  4147 | D:3      | Reached skill level 6 in Axes
  4171 | D:3      | Noticed a great orb of eyes
  4176 | D:3      | Noticed a golden eye
  4178 | D:3      | Found a faded altar of an unknown god.
  4180 | D:3      | Noticed an eye of devastation
  4180 | D:3      | Noticed an eye of devastation
  4817 | D:3      | Found a transporter.
  4823 | D:3      | Found a transporter.
  5277 | D:4      | HP: 1/44 [wight (10)]
  5282 | D:4      | HP: 2/43 [wight (1)]
  5286 | D:4      | Reached skill level 7 in Axes
  5286 | D:4      | Gained mutation: You regenerate health from kills. [demonic
                  | ancestry]
  5286 | D:4      | Reached XP level 7. HP: 3/50 MP: 7/7
  6425 | D:4      | Reached skill level 1 in Polearms
  6513 | D:4      | Noticed Eustachio
  6570 | D:4      | Noticed Pikel
  6910 | D:3      | Slain by Pikel

Illustrated notes

Levels and vault maps discovered:
D:1:      dpeg_arrival_tiny_f, layout_basic
D:2:      layout_basic, uniq_sigmund
D:3:      layout_basic, hellmonk_ecumenical_altar_watching_god,
          gammafunk_ghost_gnarly_gnolls, uniq_ijyb
D:4:      layout_loops_corners, nicolae_wormholes, uniq_pikel, uniq_eustachio

Skill      XL: |  1  2  3  4  5  6  7 |
---------------+----------------------+-----
Axes           | 2 3 5 7 |  7.2
Polearms       | 1 |  1.1
Fighting       | |  3.0
Armour         | |  2.6
Shields        | |  2.6

Action                   |  1- 3 |  4- 6 |  7- 9 || total
-------------------------+-------+-------+-------++-------
Melee: War axe           |    78 |   115 |    21 ||   214
       Unarmed           |       |     6 |       ||     6
       Spear             |       |       |    75 ||    75
Throw: Stone             |    20 |    21 |     7 ||    48
  Use: Scroll            |     1 |       |     1 ||     2
       Potion            |     1 |     2 |       ||     3
Armor: Scale mail        |    40 |    23 |       ||    63
       Skin              |       |     6 |       ||     6
       Chain mail        |       |    16 |    20 ||    36
       Leather armour    |       |     2 |       ||     2
Dodge: Dodged            |    23 |    50 |    17 ||    90
Block: Buckler           |    14 |    28 |    15 ||    57
